 Dungeon Crawl Stone Soup version 0.31-a0-1225-g50297eb6a4 (webtiles) character file.

Game seed: 4342540801691587967

990 Maratek the Shield-Bearer (level 7, -1/55 (64) HPs)
             Began as a Minotaur Fighter on Dec 14, 2023.
             Slain by Duvessa
             ... wielding a +4 short sword of draining
              (2 damage)
             ... on level 5 of the Dungeon.
             The game lasted 00:04:58 (3348 turns).

Maratek the Shield-Bearer (Minotaur Fighter)        Turns: 3348, Time: 00:04:59

HP:   -1/55 (64)    AC: 19    Str: 25    XL:     7   Next: 98%
MP:   6/6           EV:  4    Int:  7    God:
Gold: 139           SH: 10    Dex: 10    Spells: 6/6 levels left

rFire   . . .        b - +7 hand axe "Yzures" {heavy, rPois rCorr Str+5}
rCold   + . .        c - +0 buckler
rNeg    . . .        a - +0 crystal plate armour "Gubulor" {rC+}
rPois   +            (helmet restricted)
rElec   .            f - +0 cloak
rCorr   +            (no gloves)
SInv    .            (no boots)
Will    .....        u - amulet of reflection Stlth
                     (no ring)
HPRegen 0.29/turn    (no ring)
MPRegen 0.10/turn

%: reflection
@: mighty, heavily drained
A: horns 2, retaliatory headbutt
a: no special abilities


You were on level 5 of the Dungeon.
You visited 1 branch of the dungeon, and saw 5 of its levels.

You collected 139 gold pieces.

Inventory:

Hand Weapons
 b - the +7 hand axe "Yzures" (weapon) {heavy, rPois rCorr Str+5}
   (You acquired it on level 2 of the Dungeon)

   Str+5:     It affects your strength (+5).
   rPois:     It protects you from poison rCorr: It protects you from acid and
   corrosion.
Armour
 a - the +0 crystal plate armour "Gubulor" (worn) {rC+}
   (You acquired it on level 2 of the Dungeon)

   rC+:       It protects you from cold.
 c - a +0 buckler (worn)
 e - a +3 scale mail
 f - a +0 cloak (worn)
Jewellery
 u - an amulet of reflection (around neck)
Wands
 s - a wand of mindburst (16)
Scrolls
 g - a scroll of poison
 j - 2 scrolls of enchant weapon
 l - 2 scrolls of teleportation
 v - a scroll of fog {unknown}
 w - a scroll of revelation
 x - a scroll of torment {unknown}
 y - a scroll of enchant armour {unknown}
Potions
 d - 2 potions of might
 h - 3 potions of degeneration
 i - a potion of haste {unknown}
 k - 2 potions of cancellation {unknown}
 m - a potion of enlightenment {unknown}
 n - a potion of heal wounds {unknown}
 o - 2 potions of mutation {unknown}
 p - a potion of attraction {unknown}
 q - 2 potions of magic {unknown}
 r - 2 potions of lignification {unknown}
 t - 3 potions of curing {unknown}


   Skills:
 * Level 6.5 Fighting
 * Level 5.9 Axes
 * Level 6.5 Armour
 * Level 6.6 Shields


You had 6 spell levels left.
You didn't know any spells.
Your spell library contained the following spells:

 Spells                   Type           Power      Damage    Failure   Level
 Call Canine Familiar     Summ           0%         N/A       100%        3
 Inner Flame              Hex/Fire       0%         N/A       100%        3
 Ozocubu's Armour         Ice            0%         N/A       100%        3
 Sigil of Binding         Hex            0%         N/A       100%        3
 Dimensional Bullseye     Hex/Tloc       0%         N/A       100%        4
 Leda's Liquefaction      Hex/Erth       0%         N/A       100%        4
 Yara's Violent Unravell  Hex/Tmut       0%         3d3       100%        5
 Enfeeble                 Hex            0%         N/A       100%        7
 Ozocubu's Refrigeration  Ice            0%         4d7       100%        7


Dungeon Overview and Level Annotations

Branches:
Dungeon (5/15)             Temple (0/1) D:4

Altars:
Fedhas
Makhleb
Sif Muna
Yredelemnul

Shops:
D:4 *

Annotations:
D:4 1 runed translucent door, Crazy Yiuf
D:5 Duvessa


Innate Abilities, Weirdness & Mutations

You have a pair of horns on your head.
You reflexively headbutt those who attack you in melee.


Message History

Found a book of Conjurations.
Duvessa, Sister of Dowan comes into view.
She is wielding a +4 short sword of draining.
Duvessa shouts!
Found the Precepts of Blasts and Nephomancy.
Dowan hits you but does no damage.
You barely miss Dowan. Dowan hits you but does no damage.
You miss Dowan. You barely miss the shadow imp.
You block the shadow imp's attack. The shadow imp hits you.
You slash Duvessa!
Duvessa is moderately wounded.
You slash the shadow imp!
You kill the shadow imp!
You slash Dowan!
Duvessa hits you with a +4 short sword of draining.
You feel drained. Dowan hits you but does no damage.
You slice Dowan!!
You kill Dowan!
Duvessa screams, "No!
How DARE you!"
Duvessa goes berserk!
You hit Duvessa but do no damage.
Duvessa hits you with a +4 short sword of draining!
You feel drained.
Duvessa hits you with a +4 short sword of draining!
You feel drained.
You are too injured to fight recklessly!
Unknown command.
You are too injured to fight recklessly!
Unknown command.
You are too injured to fight recklessly!
Unknown command.
You are too injured to fight recklessly!
You hit Duvessa.
Duvessa is moderately wounded.
Duvessa hits you but does no damage.
You feel drained.
Duvessa hits you with a +4 short sword of draining!
* * * LOW HITPOINT WARNING * * *
You feel drained.
* * * LOW HITPOINT WARNING * * *
You feel very mighty all of a sudden.
Duvessa hits you with a +4 short sword of draining.
You die...

#.# ########
#.####......### ...
........'.. #.#
##......###
###+######.# #......#
#.:........# #......#
...........####......#
:.....e@......'......#
......)...#####......#
..#+####### #......#
#......# #......#
#......# #......#
#......# ########


You could see Duvessa (berserk).

Vanquished Creatures
  Grinder (D:4)
  3 phantoms (D:4)
  A scorpion (D:4)
  Dowan (D:5)
  A jelly (D:5)
  A hound (D:5)
  A gnoll bouda (D:4)
  A sleepcap (D:4)
  An iguana (D:4)
  Jessica (D:3)
  3 orc wizards (D:4)
  6 gnolls
  4 adders (D:3)
  A shadow imp (D:5)
  2 worms
  3 dart slugs
  10 orcs
  4 bats
  4 endoplasms
  6 giant cockroaches
  10 goblins
  4 hobgoblins
  7 jackals
  3 quokkas
  7 ball pythons
  6 frilled lizards
  11 kobolds
  5 rats
108 creatures vanquished.

Notes
Turn   | Place    | Note
-------+----------+-------------------------------------------
     0 | D:1      | Maratek the Minotaur Fighter began the quest for the Orb.
     0 | D:1      | Reached XP level 1. HP: 19/19 MP: 0/0
    52 | D:1      | Reached XP level 2. HP: 17/27 MP: 1/1
   372 | D:1      | Reached XP level 3. HP: 26/33 MP: 2/2
  1552 | D:2      | Identified 2 scrolls of acquirement
  1552 | D:2      | Acquired the +7 hand axe "Yzures" {heavy, rPois rCorr
                  | Str+5}
  1556 | D:2      | Acquired the +0 crystal plate armour "Gubulor" {rC+}
  1625 | D:3      | Reached XP level 4. HP: 40/40 MP: 3/3
  1805 | D:3      | Found a shimmering blue altar of Sif Muna.
  1805 | D:3      | Found a basalt altar of Yredelemnul.
  1814 | D:3      | Found a blossoming altar of Fedhas.
  1817 | D:3      | Found a burning altar of Makhleb.
  1879 | D:3      | Noticed Jessica
  1884 | D:3      | Killed Jessica
  1949 | D:3      | Reached XP level 5. HP: 45/47 MP: 4/4
  2302 | D:4      | Reached skill level 5 in Shields
  2307 | D:4      | Reached skill level 5 in Fighting
  2308 | D:4      | Reached skill level 5 in Armour
  2432 | D:4      | Reached XP level 6. HP: 55/56 MP: 5/5
  2483 | D:4      | Found a runed translucent door.
  2484 | D:4      | Noticed Crazy Yiuf
  2588 | D:4      | Reached skill level 5 in Axes
  2588 | D:4      | Reached XP level 7. HP: 62/62 MP: 6/6
  2636 | D:4      | Found a staircase to the Ecumenical Temple.
  2685 | D:4      | Found Fypi's General Store.
  2784 | D:4      | Noticed Grinder
  2785 | D:4      | Paralysed by Grinder for 4 turns
  2795 | D:4      | Killed Grinder
  3161 | D:5      | Entered Level 5 of the Dungeon
  3339 | D:5      | Noticed Dowan
  3340 | D:5      | Noticed Duvessa
  3346 | D:5      | Killed Dowan
  3347 | D:5      | HP: 1/55 [Duvessa/+4 short sword of draining (5)]
  3348 | D:5      | Slain by Duvessa

Illustrated notes

Levels and vault maps discovered:
D:1:      spicycebolla_arrival_clurvy, layout_loops_ring, serial_bayou_pond_d
D:2:      layout_basic
D:3:      minmay_door_path, layout_rooms, nicolae_overflow_macrodata_refinement,
          chequers_serial_rivers_micro_d, dk_noncrumbling_3, amethyst_killhole,
          minmay_crystal_water, uniq_jessica
D:4:      layout_loops_ring, minmay_temple_entry_fiery, serial_shops,
          shop_statue, uniq_crazy_yiuf_cottage, uniq_grinder
D:5:      layout_basic, uniq_duvessa

Skill      XL: |  1  2  3  4  5  6  7 |
---------------+----------------------+-----
Armour         | 4 5 6 |  6.5
Shields        | 4 5 6 |  6.6
Fighting       | 4 5 6 |  6.5
Axes           | 3 4 5 |  5.9

Action                     |  1- 3 |  4- 6 |  7- 9 || total
---------------------------+-------+-------+-------++-------
  Melee: War axe           |    89 |       |       ||    89
         Headbutt          |     9 |    12 |     1 ||    22
         Hand axe          |     4 |    76 |    31 ||   111
    Use: Scroll            |     8 |     3 |     1 ||    12
         Potion            |       |       |     1 ||     1
 Armour: Scale mail        |    69 |       |       ||    69
         Crystal plate arm |     9 |    67 |    27 ||   103
  Dodge: Dodged            |    39 |    13 |     4 ||    56
  Block: Buckler           |    20 |    32 |    11 ||    63

Table legend: (Time is in decaauts)
 A = Elapsed time spent in this place.
 B = Non-inter-level travel time spent in this place.
 C = Inter-level travel time spent in this place.
 D = Time resting spent in this place.
 E = Time spent auto-exploring this place.
 F = Levels seen in this place.
 G = Mean time per level.
                   A        B        C        D        E       F      G
               +--------+--------+--------+--------+--------+-----+--------+
         Total |   3452 |   3196 |    256 |      0 |   2530 |   5 |  690.4 |
       Dungeon |   3452 |   3196 |    256 |      0 |   2530 |   5 |  690.4 |
               +--------+--------+--------+--------+--------+-----+--------+

Top non-repeatable levels by time:
     D:4: 904 daAuts
     D:2: 837 daAuts
     D:1: 814 daAuts
     D:3: 700 daAuts
     D:5: 195 daAuts
